Map: Inside and Out

Players

soO

  • Race: Zerg Zerg
  • Spawn Location: 1:00

Harstem - Winner!

  • Race: Protoss Protoss
  • Spawn Location: 7:00

Event: DreamHack SC2 Masters 2022 Atlanta (Offline)

VOD

Have the link to the VOD?

Description

Time

  • Played on: Nov. 18, 2022, 1:11 p.m.
  • Length: 18:32

All games in this series

Show
View Real Time Build Order
Export as new Build Order

soO Zerg 

Build Orders: Hatch First 

Get SALT Encoding   

  12  0:00  Drone  
  13  0:12  Overlord  
  13  0:17  Drone  
  14  0:30  Drone  
  14  0:31  Drone  
  16  0:48  Hatchery  
  15  0:51  Drone  
  15  0:54  Drone  
  17  0:58  Drone  
  18  1:09  Extractor  
  17  1:13  Spawning Pool  
  17  1:15  Drone  
  17  1:20  Drone  
  18  1:28  Drone  
  19  1:38  Drone  
  20  1:49  Drone  
  21  2:00  Queen  
  21  2:01  Zergling x2  
  24  2:03  Zergling x2, Queen  
  27  2:12  Overlord  
  27  2:13  Drone  
  28  2:21  Metabolic Boost  
  28  2:32  Hatchery  
  28  2:33  Drone x2  
  28  2:36  Drone  
  30  2:43  Queen  
  32  2:46  Drone  
  32  2:50  Overlord  
  33  2:55  Drone x2  
  33  2:58  Drone  
  36  3:08  Queen  
  36  3:10  Drone x3  
  41  3:12  Overlord  
  41  3:16  Drone  
  42  3:22  Queen  
  42  3:25  Overlord  
  44  3:32  Drone x3  
  47  3:38  Overlord  
  47  3:39  Drone x3  
  50  3:44  Spore Crawler  
  50  3:45  Drone x2  
  50  3:55  Queen, Drone  
  53  3:57  Spore Crawler  
  53  4:01  Spore Crawler  
  53  4:02  Drone x2  
  53  4:07  Spore Crawler  
  53  4:09  Drone x4  
  57  4:12  Evolution Chamber  
  57  4:17  Zergling x6  
  57  4:19  Drone  
  57  4:21  Drone x2  
  62  4:27  Overlord  
  62  4:30  Overlord  
  62  4:32  Zergling x2  
  62  4:34  Drone  
  62  4:35  Drone x2  
  62  4:38  Zerg Melee Weapons Level 1  
  66  4:40  Drone x2  
  66  4:43  Overlord  
  66  4:44  Drone  
  69  4:49  Drone x2  
  69  4:50  Drone x2  
  73  4:55  Zergling x6  
  73  4:56  Drone x2  
  77  5:02  Drone  
  77  5:05  Drone  
  77  5:06  Drone  
  80  5:08  Baneling Nest  
  80  5:13  Lair  
  79  5:15  Hatchery  
  79  5:17  Extractor  
  79  5:18  Drone x3, Extractor  
  79  5:19  Drone x2  
  79  5:20  Drone  
  79  5:21  Drone  
  82  5:24  Overlord  
  82  5:26  Drone x2  
  82  5:28  Drone x2  
  83  5:30  Drone  
  83  5:34  Zergling x6  
  85  5:38  Drone x2  
  85  5:40  Extractor x2  
  85  5:42  Zergling x4  
  86  5:46  Roach Warren  
  86  5:47  Drone  
  86  5:49  Drone  
  87  5:50  Drone  
  87  5:51  Drone  
  87  5:53  Drone  
  87  5:54  Drone, Hatchery  
  90  5:58  Drone x4  
  90  6:03  Overlord  
  94  6:08  Overlord  
  93  6:15  Hydralisk Den  
  92  6:28  Glial Reconstitution  
  92  6:30  Queen  
  92  6:31  Drone  
  92  6:32  Roach x12  
  119  6:34  Centrifugal Hooks  
  119  6:38  Zerg Melee Weapons Level 2  
  119  6:39  Overlord  
  120  6:42  Drone x2  
  120  6:44  Spore Crawler  
  121  6:49  Roach x3  
  121  6:52  Overlord  
  123  6:54  Overlord x2  
  123  6:55  Roach x2  
  123  6:58  Overlord  
  123  6:59  Overlord  
  127  7:01  Overseer  
  127  7:05  Roach x4  
  133  7:12  Zergling x18  
  141  7:17  Drone x2  
  141  7:21  Zergling x2  
  144  7:27  Ravager x2  
  144  7:28  Zergling x24  
  159  7:30  Ravager x3  
  162  7:37  Zergling x14  
  162  7:41  Overlord  
  168  7:46  Baneling x11  
  168  7:47  Zergling x2  
  169  7:53  Zergling x12, Baneling x4  
  169  7:58  Zergling x10  
  179  8:03  Zergling x12  
  179  8:04  Hatchery  
  177  8:16  Overlord  
  177  8:18  Zergling x18  
  177  8:20  Overseer  
  177  8:23  Zergling x4, Infestation Pit  
  177  8:26  Baneling x9  
  171  8:27  Hatchery  
  170  8:37  Baneling x9  
  170  8:38  Zergling x18  
  179  8:44  Baneling x4  
  177  8:50  Baneling x3  
  161  9:04  Zergling x26  
  162  9:10  Zergling x16  
  162  9:12  Hive  
  170  9:18  Ravager  
  170  9:19  Ravager  
  170  9:22  Zergling x22  
  182  9:26  Zerg Ground Armor Level 1  
  182  9:27  Drone x2  
  182  9:30  Baneling x3  
  184  9:34  Zergling x6  
  187  9:39  Drone x3  
  187  9:42  Drone  
  187  9:43  Baneling x8  
  191  9:48  Zergling x8  
  186  10:05  Zergling x36  
  199  10:07  Overseer  
  199  10:10  Queen  
  198  10:19  Extractor  
  197  10:21  Spire  
  197  10:22  Extractor  
  197  10:25  Baneling x9  
  197  10:26  Zergling x8, Baneling x4  
  199  10:36  Overlord  
  199  10:40  Overlord  
  199  10:47  Overlord  
  199  10:48  Overlord  
  162  10:58  Zergling x50  
  174  11:08  Drone x4  
  170  11:16  Drone x2  
  170  11:17  Drone  
  172  11:20  Zergling x12, Zerg Melee Weapons Level 3  
  176  11:31  Zergling x16  
  176  11:32  Adrenal Glands  
  184  11:33  Greater Spire  
  184  11:36  Baneling x7  
  183  11:40  Zergling x2  
  183  11:41  Zergling x6  
  183  11:45  Zergling x4  
  187  11:52  Drone x3  
  187  11:53  Drone x3  
  189  11:56  Baneling  
  189  11:57  Baneling x16  
  189  11:59  Ravager x2  
  191  12:02  Zergling x16  
  192  12:19  Zergling x18  
  199  12:33  Baneling  
  199  12:34  Extractor  
  197  12:40  Queen  
  191  12:47  Corruptor x4  
  191  12:48  Zerg Flyer Weapons Level 1  
  199  12:51  Overlord  
  180  13:03  Corruptor x7  
  180  13:05  Drone x2  
  178  13:36  Zergling x54  
  198  13:43  Baneling x21  
  198  13:49  Hatchery  
  198  13:51  Zergling x6  
  198  13:52  Pneumatized Carapace  
  200  13:57  Zerg Ground Armor Level 2  
  194  14:19  Drone x2  
  195  14:28  Corruptor x2  
  199  14:34  Spore Crawler  
  199  14:35  Spine Crawler  
  199  14:36  Spine Crawler  
  199  14:37  Spine Crawler  
  195  14:46  Zerg Flyer Weapons Level 2  
  195  14:50  Corruptor x2  
  197  14:55  Corruptor  
  197  14:56  Corruptor  
  198  15:03  Drone  
  128  15:44  Corruptor x7  
  128  15:46  Zergling x46  
  128  15:47  Zergling x14  
  172  15:56  Zergling x8  
  172  15:57  Zergling x32, Overseer x2  
  192  15:58  Overseer  
  192  15:59  Overseer  
  192  16:02  Baneling x14  
  190  16:06  Zergling x20  
  198  16:17  Drone  
  198  16:30  Drone  
  194  16:59  Baneling x16  
  194  17:00  Baneling x6  
  190  17:17  Corruptor x5  
  197  17:27  Drone x3  
  158  18:18  Overseer  
Show
View Real Time Build Order
Export as new Build Order

Harstem Protoss - Winner!

Build Orders: 1 Gate Expand, Oracle Opening, Carriers, Zealot Archon 

Get SALT Encoding   

  12  0:00  Probe  
  13  0:12  Probe  
  14  0:19  Pylon  
  14  0:24  Probe  
  15  0:37  Probe (Chrono Boost)  
  15  0:39  Gateway  
  16  0:47  Probe (Chrono Boost), Assimilator  
  17  0:52  Probe (Chrono Boost)  
  19  1:04  Probe  
  19  1:16  Probe  
  20  1:24  Nexus  
  20  1:34  Cybernetics Core  
  20  1:40  Probe  
  20  1:44  Assimilator  
  21  1:52  Probe  
  21  1:53  Pylon  
  22  2:05  Probe (Chrono Boost)  
  23  2:08  Adept (Chrono Boost)  
  25  2:17  Probe (Chrono Boost), Stargate  
  26  2:24  Probe (Chrono Boost)  
  26  2:28  Warp Gate  
  27  2:31  Probe  
  27  2:33  Adept  
  27  2:35  Probe  
  31  2:43  Probe  
  32  2:48  Probe  
  33  2:55  Probe  
  34  3:00  Oracle (Chrono Boost), Probe  
  34  3:01  Pylon  
  38  3:07  Probe  
  38  3:11  Stalker  
  38  3:12  Probe  
  42  3:19  Probe  
  43  3:23  Gateway  
  43  3:24  Probe  
  44  3:31  Probe  
  44  3:32  Oracle (Chrono Boost)  
  45  3:36  Probe  
  49  3:41  Pylon  
  49  3:44  Probe  
  51  3:48  Probe  
  51  3:54  Nexus  
  51  3:56  Probe  
  51  4:00  Probe (Chrono Boost)  
  54  4:10  Assimilator  
  54  4:12  Probe (Chrono Boost), Assimilator  
  54  4:15  Probe (Chrono Boost), Pylon  
  55  4:19  Forge, Probe (Chrono Boost)  
  55  4:22  Twilight Council  
  55  4:23  Probe (Chrono Boost)  
  57  4:28  Probe (Chrono Boost)  
  57  4:30  Adept  
  62  4:39  Probe (Chrono Boost)  
  62  4:40  Probe (Chrono Boost), Gateway  
  62  4:41  Gateway  
  62  4:43  Sentry  
  64  4:46  Probe (Chrono Boost)  
  64  4:50  Probe  
  66  4:56  Protoss Ground Weapons Level 1 (Chrono Boost)  
  66  4:58  Charge  
  67  5:00  Probe (Chrono Boost)  
  67  5:01  Robotics Facility  
  67  5:06  Probe (Chrono Boost)  
  69  5:07  Probe (Chrono Boost)  
  69  5:08  Shield Battery  
  69  5:12  Probe (Chrono Boost)  
  70  5:16  Templar Archives, Probe (Chrono Boost)  
  70  5:19  Probe x2 (Chrono Boost)  
  73  5:22  Probe (Chrono Boost), Pylon  
  73  5:24  Probe  
  73  5:27  Probe  
  76  5:31  Assimilator  
  77  5:36  Assimilator  
  77  5:37  Probe  
  77  5:39  Probe  
  77  5:40  Zealot x4  
  82  5:44  Probe, Pylon  
  82  5:49  Probe  
  84  5:51  Observer (Chrono Boost), Probe  
  84  5:55  Pylon  
  84  5:56  Probe  
  87  6:01  Probe  
  87  6:03  Pylon  
  88  6:12  High Templar x2  
  88  6:13  Probe, High Templar x2  
  88  6:17  Nexus  
  97  6:21  Archon x2  
  97  6:23  Pylon  
  97  6:25  Probe  
  97  6:26  Psionic Storm  
  97  6:27  Gateway  
  97  6:28  Probe  
  97  6:30  Gateway x2  
  97  6:31  Gateway  
  98  6:34  Gateway  
  98  6:35  Probe  
  99  6:45  Zealot x4  
  107  6:53  Probe  
  109  6:54  Probe  
  109  6:56  Protoss Ground Weapons Level 2 (Chrono Boost)  
  109  6:59  Probe  
  110  7:03  Shield Battery, Phoenix  
  110  7:05  Probe  
  110  7:06  Probe  
  114  7:11  Pylon  
  114  7:13  Photon Cannon  
  114  7:14  Shield Battery  
  114  7:18  High Templar, Pylon  
  114  7:22  Pylon  
  116  7:24  Assimilator  
  116  7:25  Pylon  
  116  7:28  Assimilator  
  116  7:30  High Templar x4  
  116  7:31  Zealot x2  
  128  7:37  Probe  
  128  7:38  Probe  
  128  7:40  Shield Battery  
  128  7:42  Gateway  
  130  7:50  Zealot, High Templar x2  
  137  7:51  Probe  
  137  7:52  Probe  
  137  7:53  Immortal  
  140  7:58  Probe  
  140  7:59  Archon  
  140  8:00  Zealot x2  
  140  8:05  Zealot x3  
  148  8:09  Pylon  
  144  8:18  Probe, Pylon  
  144  8:19  Pylon  
  139  8:21  Pylon  
  139  8:24  Shield Battery, Assimilator  
  139  8:26  High Templar x2  
  139  8:27  High Templar x2  
  135  8:29  Zealot  
  135  8:31  Photon Cannon  
  135  8:32  Archon, Photon Cannon  
  139  8:36  Archon  
  139  8:37  Immortal (Chrono Boost)  
  139  8:38  Probe  
  144  8:48  Zealot x4  
  140  8:50  Gateway  
  144  8:56  Stalker  
  144  9:00  Stalker x3  
  141  9:06  Probe  
  141  9:09  Probe  
  133  9:11  High Templar x3  
  133  9:12  Gateway  
  133  9:15  Probe  
  138  9:19  Photon Cannon  
  138  9:20  Photon Cannon  
  138  9:24  Photon Cannon  
  138  9:26  Gateway  
  138  9:27  Protoss Ground Weapons Level 3 (Chrono Boost)  
  138  9:29  Probe  
  138  9:30  Photon Cannon  
  139  9:37  High Templar x4  
  145  9:39  Zealot x2  
  145  9:41  Warp Prism (Chrono Boost)  
  145  9:44  Archon  
  151  9:45  Archon  
  151  9:57  Phoenix  
  151  10:06  Zealot x4, High Templar x2  
  163  10:11  Zealot x2, Archon  
  163  10:12  Probe  
  163  10:13  Warp Prism (Chrono Boost)  
  166  10:14  Fleet Beacon  
  166  10:15  Zealot  
  166  10:19  Stargate  
  168  10:26  Phoenix  
  166  10:43  Zealot x11  
  170  11:07  Carrier (Chrono Boost)  
  170  11:08  Carrier (Chrono Boost)  
  170  11:12  Stargate  
  170  11:14  Protoss Air Weapons Level 1 (Chrono Boost)  
  160  11:18  Zealot x4  
  164  11:26  Probe  
  164  11:29  Observer (Chrono Boost)  
  166  11:33  Zealot x7  
  180  11:41  Probe  
  180  11:43  Photon Cannon x2  
  177  11:47  Photon Cannon  
  177  11:51  Observer (Chrono Boost)  
  177  11:52  Probe  
  167  11:55  Shield Battery, Gateway  
  167  11:56  Pylon  
  167  12:00  Carrier (Chrono Boost)  
  167  12:02  High Templar x4  
  167  12:08  Archon x2  
  173  12:09  Observer  
  173  12:19  Protoss Shields Level 1 (Chrono Boost)  
  177  12:28  Carrier (Chrono Boost)  
  177  12:32  Zealot  
  177  12:33  Zealot x4  
  186  12:40  Carrier (Chrono Boost)  
  190  12:49  Nexus  
  190  12:50  Pylon  
  176  13:02  High Templar  
  176  13:03  High Templar x3  
  179  13:06  Zealot x3  
  179  13:08  Archon, Pylon  
  179  13:09  Carrier (Chrono Boost)  
  185  13:15  Gateway, High Templar  
  185  13:16  Archon  
  185  13:17  Gateway  
  185  13:19  Photon Cannon  
  185  13:21  Observer  
  185  13:29  Zealot x4  
  191  13:38  Photon Cannon  
  191  13:39  Observer (Chrono Boost), Photon Cannon  
  176  13:41  Nexus  
  176  13:44  Mothership (Chrono Boost)  
  184  13:49  Protoss Air Weapons Level 2 (Chrono Boost)  
  184  13:52  Zealot x2  
  188  13:55  Shield Battery  
  188  13:58  Pylon  
  194  14:05  Carrier (Chrono Boost)  
  193  14:10  Carrier (Chrono Boost)  
  197  14:18  Nexus  
  197  14:24  Pylon  
  197  14:28  Zealot x3  
  197  14:30  Observer  
  199  14:32  Pylon  
  199  14:41  Protoss Shields Level 2 (Chrono Boost)  
  197  14:47  Observer  
  197  14:53  Zealot  
  193  15:02  Photon Cannon  
  193  15:03  Photon Cannon  
  193  15:05  Photon Cannon  
  193  15:08  Assimilator  
  193  15:10  Assimilator  
  193  15:11  Observer  
  193  15:13  Shield Battery  
  193  15:14  High Templar x2  
  193  15:18  Pylon  
  189  15:23  Archon  
  153  15:38  High Templar x4  
  153  15:39  Void Ray  
  155  15:43  High Templar x4  
  155  15:44  Probe  
  155  15:46  High Templar x2  
  155  15:47  Zealot x4  
  155  15:48  Archon  
  176  15:51  Archon  
  176  15:52  Archon  
  186  16:07  Probe  
  186  16:09  Probe  
  178  16:12  Probe  
  178  16:14  Probe  
  178  16:15  Photon Cannon  
  178  16:19  Zealot x5  
  178  16:20  Zealot x5  
  178  16:25  High Templar  
  196  16:29  Carrier (Chrono Boost)  
  198  16:39  Carrier (Chrono Boost)  
  188  16:44  High Templar  
  188  16:45  High Templar  
  184  16:57  High Templar  
  184  16:58  Zealot x6, High Templar  
  200  17:03  Photon Cannon  
  200  17:05  Archon  
  200  17:06  Archon  
  200  17:07  Pylon  
  200  17:22  Void Ray (Chrono Boost)  
  190  17:33  High Templar x2  
  190  17:34  High Templar x2  
  196  17:37  Archon  
  196  17:38  Archon  
  193  17:44  High Templar x2  
  193  17:46  Stalker  
  193  17:49  Archon  
  188  17:58  Zealot x4  
  188  17:59  Zealot x2  
  191  18:15  High Templar x2  
  191  18:16  Zealot x2  
Tags
 
Add a new tag
Caveats
  • Supply blocks, unpowered buildings, or Contaminate may cause inaccurate times.
  • Supply counts are checked every 10 seconds.